 Dungeon Crawl Stone Soup version 0.30.0-29-ga12c61a403 (webtiles) character file.

Game seed: 15286174314419626041

11 jakethebiosnake the Caller (level 2, 0/19 HPs)
             Began as a Barachi Summoner on June 14, 2023.
             Was an Initiate of Uskayaw.
             Slain by a jackal (1 damage)
             ... on level 1 of the Dungeon.
             The game lasted 00:02:45 (751 turns).

jakethebiosnake the Caller (Barachi Summoner)        Turns: 751, Time: 00:02:46

Health: 0/19       AC:  2    Str:  9    XL:     2   Next: 29%
Magic:  2/5        EV: 12    Int: 15    God:    Uskayaw [......]
Gold:   3          SH:  0    Dex: 12    Spells: 4/5 levels left

rFire   . . .        c - +0 hand axe
rCold   . . .        (no shield)
rNeg    . . .        a - +0 robe
rPois   .            (no helmet)
rElec   .            (no cloak)
rCorr   .            (no gloves)
SInv    .            (no boots)
Will    .....        (no amulet)
Stlth   ++           (no ring)
HPRegen 0.23/turn    (no ring)
MPRegen 0.09/turn

%: no passive effects
@: slow
A: amphibious, slowness 1, strong legs 1, +LOS
a: Hop, Renounce Religion


You were on level 1 of the Dungeon.
You worshipped Uskayaw.
Uskayaw was noncommittal.
You visited 1 branch of the dungeon, and saw 1 of its levels.

You collected 3 gold pieces.

Inventory:

Hand Weapons
 c - a +0 hand axe (weapon)
Missiles
 d - 5 stones (quivered)
Armour
 a - a +0 robe (worn)
Scrolls
 e - a scroll of identify {unknown}
Potions
 b - a potion of magic
 f - a potion of curing {unknown}
 g - a potion of resistance {unknown}


   Skills:
 + Level 2.1 Dodging
 + Level 1.7 Stealth
 + Level 2.1 Spellcasting
 + Level 5.5 Summonings


You had 4 spell levels left.
You knew the following spells:

 Your Spells              Type           Power      Damage    Failure   Level
a - Summon Small Mammal   Summ           72%        N/A       2%          1

Your spell library contained the following spells:

 Spells                   Type           Power      Damage    Failure   Level
 Call Imp                 Summ           36%        N/A       3%          2
 Call Canine Familiar     Summ           18%        N/A       7%          3
 Summon Guardian Golem    Hex/Summ       9%         N/A       22%         3
 Summon Lightning Spire   Summ/Air       9%         N/A       56%         4


Dungeon Overview and Level Annotations

Branches:
Dungeon (1/15)

Altars:
Uskayaw


Innate Abilities, Weirdness & Mutations

You are amphibious.
You cover ground slowly.
You can hop short distances.
You have an extended range of vision and can be seen from far away.


Message History

The ball python closely misses you. The ball python misses you.
You swap places.
Your bat hits the ball python. x2
The jackal closely misses your bat. The ball python barely misses your bat.
The ball python misses your bat.
Your bat misses the ball python. The ball python misses your bat. x2
The ball python bites your bat.
Your bat dies!
Your bat's corpse disappears in a puff of smoke!
The ball python hisses angrily.
The jackal barely misses you. The jackal bites you.
The jackal bites you but does no damage.
The jackal attacks as you move away! The jackal misses you.
The jackal bites you. The jackal closely misses you.
The jackal attacks as you move away! The jackal barely misses you.
The jackal bites you.
You closely miss the jackal. You hit the jackal but do no damage.
The jackal bites you. The jackal closely misses you.
The jackal bites you but does no damage.
The jackal bites you. The jackal closely misses you.
You closely miss the jackal. x2; You hit the jackal but do no damage.
The jackal misses you. The jackal barely misses you. The jackal bites you. x3
You closely miss the jackal. You hit the jackal but do no damage.
You hit the jackal. The jackal bites you.
* * * LOW HITPOINT WARNING * * *
The jackal bites you.
* * * LOW HITPOINT WARNING * * *
The jackal closely misses you. The jackal bites you.
* * * LOW HITPOINT WARNING * * *
The jackal barely misses you.
You stomp with the beat, sending a shockwave through the revellers around you!
The jackal is severely wounded.
The jackal is almost dead.
You kill the jackal!
You can no longer stomp with the beat.
The jackal bites you.
* * * LOW HITPOINT WARNING * * *
The jackal closely misses you. The jackal barely misses you.
The jackal bites you.
You die...

#.# ########
####.####
......>#
#.......#
######.#
#.......#
#.###.......#
#...........#
#####...)...#
######.....hh#
#.........Sh@#
#..###########
#h.# #.h# #..#
.... ##..#
#... #.#.


You could see 3 jackals and a ball python.

Vanquished Creatures
  A dart slug (D:1)
  An endoplasm (D:1)
  A giant cockroach (D:1)
  A goblin (D:1)
  A hobgoblin (D:1)
  A jackal (D:1)
  A ball python (D:1)
  A rat (D:1)
8 creatures vanquished.

Vanquished Creatures (collateral kills)
  A hobgoblin (D:1)
  A frilled lizard (D:1)
2 creatures vanquished.

Grand Total: 10 creatures vanquished

Notes
Turn   | Place    | Note
-------+----------+-------------------------------------------
     0 | D:1      | jakethebiosnake the Barachi Summoner began the quest for
                  | the Orb.
     0 | D:1      | Reached XP level 1. HP: 13/13 MP: 3/3
    78 | D:1      | Reached skill level 5 in Summonings
   316 | D:1      | Reached XP level 2. HP: 6/19 MP: 5/5
   603 | D:1      | Found a faded altar of an unknown god.
   614 | D:1      | Prayed at the altar of an unknown god.
   614 | D:1      | Became a worshipper of Uskayaw the Reveller
   614 | D:1      | Reached * piety under Uskayaw
   751 | D:1      | Slain by a jackal

Illustrated notes

Levels and vault maps discovered:
D:1:      ebering_trefoil_3fold, layout_loops_ring,
          hellmonk_ecumenical_altar_slurped_away

Skill      XL: |  1 |
---------------+----+-----
Summonings     | 5 |  5.5
Dodging        | |  2.1
Stealth        | |  1.7
Spellcasting   | |  2.1

Action                     || total
---------------------------++-------
  Melee: Hand axe          ||    23
   Cast: Summon Small Mamm ||     3
 Invoke: Stomp             ||     2
 Armour: Robe              ||     3
  Dodge: Dodged            ||    35
